 Dungeon Crawl Stone Soup version 0.27-a0-1448-g9c78c815f3 (webtiles) character file.

Game seed: 511217924461042456

260 Lavandula the Vexing (level 5, -8/40 HPs)
             Began as a Vampire Enchanter on July 5, 2021.
             Mangled by an iguana (12 damage)
             ... on level 5 of the Dungeon.
             The game lasted 00:06:20 (2962 turns).

Lavandula the Vexing (Vampire Enchanter)            Turns: 2962, Time: 00:06:20

Health: -8/40      AC:  2    Str:  7    XL:     5   Next: 95%
Magic:  1/10       EV: 16    Int: 19    God:
Gold:   129        SH:  0    Dex: 14    Spells: 2/11 levels left

rFire    . . .     SeeInvis +   d - +2 whip (venom)
rCold    . . .     Faith    .   (no shield)
rNeg     . . .     Spirit   .   b - +0 robe
rPois    .         Reflect  .   (no helmet)
rElec    .         Harm     .   (no cloak)
rCorr    .         Rampage  .   (no gloves)
Will     .....                  (no boots)
Stlth    +++.......             f - amulet of the acrobat
HPRegen  0.33/turn              j - +4 ring of evasion
MPRegen  0.12/turn              (no ring)

@: very slightly contaminated, healing quickly
A: alive, fangs 3, see invisible, vampiric 2
a: Exsanguinate


You were on level 5 of the Dungeon.
You visited 1 branch of the dungeon, and saw 5 of its levels.

You collected 129 gold pieces.

Inventory:

Hand Weapons
 a - a +1 dagger
 d - a +2 whip of venom (weapon)
Armour
 b - a +0 robe (worn)
Jewellery
 f - an amulet of the acrobat (around neck)
 j - a +4 ring of evasion (left hand)
Wands
 l - a wand of iceblast (8)
Scrolls
 c - 3 scrolls of identify {unknown}
 g - 4 scrolls of teleportation {unknown}
 i - a scroll of enchant weapon {unknown}
 k - a scroll of enchant armour {unknown}
 q - 3 scrolls of blinking {unknown}
Potions
 e - a potion of lignification {unknown}
 h - a potion of mutation {unknown}
 m - a potion of haste {unknown}
 o - a potion of heal wounds {unknown}
 p - a potion of brilliance {unknown}


   Skills:
 - Level 2.8 Fighting
 - Level 1.1 Short Blades
 - Level 2.4 Maces & Flails
 - Level 2.1 Dodging
 - Level 4.4 Stealth
 + Level 3.8 Spellcasting
 - Level 4.4 Hexes


You had 2 spell levels left.
You knew the following spells:

 Your Spells              Type           Power      Damage    Failure   Level
a - Corona                Hex            22%        N/A       2%          1
b - Ensorcelled Hibernat  Hex/Ice        24%        N/A       9%          2
c - Tukima's Dance        Hex            20%        N/A       7%          3
d - Dazzling Flash        Conj/Hex       24%        N/A       17%         3

Your spell library contained the following spells:

 Spells                   Type           Power      Damage    Failure   Level
 Summon Small Mammal      Summ           12%        N/A       14%         1
 Blink                    Tloc           N/A        N/A       22%         2
 Wereblood                Tmut           3%         N/A       22%         2
 Confusing Touch          Hex            20%        N/A       7%          3
 Summon Guardian Golem    Hex/Summ       12%        N/A       17%         3
 Call Canine Familiar     Summ           3%         N/A       38%         3
 Lesser Beckoning         Tloc           1%         N/A       38%         3
 Animate Dead             Necr           1%         N/A       80%         4
 Borgnjor's Vile Clutch   Necr/Erth      1%         N/A       98%         5
 Manifold Assault         Tloc           3%         N/A       98%         5
 Death Channel            Necr           1%         N/A       100%        6
 Summon Hydra             Summ           1%         N/A       100%        7
 Sublimation of Blood     Necr           Unusable   N/A       N/A         2

Dungeon Overview and Level Annotations

Branches:
Dungeon (5/15)
 Temple: D:4-7

Altars:

Shops:
D:3 (

Annotations:
D:4 Dowan, Duvessa


Innate Abilities, Weirdness & Mutations

Your natural rate of healing is accelerated.
You have razor-sharp teeth.
You have supernaturally acute eyesight. (SInv)
You are afflicted with vampirism and can become a bat while bloodless.


Message History

Aim: an iguana (chance to affect: 51%)
The iguana resists with some effort.
The iguana closely misses you.
Casting: Ensorcelled Hibernation (safe; 9% risk of failure)
Confirm with . or Enter, or press ? or * to list all spells.
Aiming: Ensorcelled Hibernation (safe; 9% risk of failure)
Press: ? - help, Shift-Dir - straight line, f/p - iguana
Aim: an iguana (chance to affect: 51%)
The iguana resists with some effort.
The iguana bites you!
Casting: Ensorcelled Hibernation (safe; 9% risk of failure)
Confirm with . or Enter, or press ? or * to list all spells.
Aiming: Ensorcelled Hibernation (safe; 9% risk of failure)
Press: ? - help, Shift-Dir - straight line, f/p - iguana
Aim: an iguana (chance to affect: 51%)
You miscast Ensorcelled Hibernation.
You are very lightly contaminated with residual magic.
Nothing appears to happen.
The iguana bites you.
Casting: Ensorcelled Hibernation (safe; 9% risk of failure)
Confirm with . or Enter, or press ? or * to list all spells.
Aiming: Ensorcelled Hibernation (safe; 9% risk of failure)
Press: ? - help, Shift-Dir - straight line, f/p - iguana
Aim: an iguana (chance to affect: 51%)
The iguana resists with some effort.
The iguana closely misses you.
Your +2 whip of venom begins to drip with poison!
d - a +2 whip of venom (weapon)
Unknown command.
You barely miss the iguana. You bite the iguana, but do no damage.
The iguana bites you!
Unknown command.
You hit the iguana but do no damage.
The iguana is poisoned.
The iguana closely misses you.
You hit the iguana.
The iguana looks as sick as possible!
The iguana is lightly wounded.
The iguana bites you.
* * * LOW HITPOINT WARNING * * *
The iguana bites you!
Keep bloodletting?
* * * LOW HITPOINT WARNING * * *
You begin bloodletting.
You continue bloodletting.
The iguana bites you!
You die...

#.......#
#.......#
#.......#
#.......#
#.......#
#....)..#
#.......#
#.......#
#@......#
#.l#.##...#
###### ...#
...# ...#
..#


You could see an iguana (extremely poisoned).

Vanquished Creatures
  A scorpion (D:4)
  A howler monkey (D:3)
  3 hounds
  3 adders
  A worm (D:3)
  2 dart slugs
  An orc (D:3)
  3 ball pythons
  2 bats
  4 endoplasms
  3 giant cockroaches
  4 goblins
  A hobgoblin (D:1)
  3 jackals (D:1)
  A quokka (D:3)
  2 frilled lizards (D:2)
  3 kobolds
  6 rats
44 creatures vanquished.

Vanquished Creatures (collateral kills)
  2 ball pythons (D:4)
2 creatures vanquished.

Vanquished Creatures (others)
  A dancing weapon (D:4)
1 creature vanquished.

Grand Total: 47 creatures vanquished

Notes
Turn   | Place    | Note
-------+----------+-------------------------------------------
     0 | D:1      | Lavandula the Vampire Enchanter began the quest for the
                  | Orb.
     0 | D:1      | Reached XP level 1. HP: 13/13 MP: 3/3
   274 | D:1      | Reached skill level 1 in Maces & Flails
   279 | D:1      | Reached XP level 2. HP: 19/19 MP: 5/5
   336 | D:1      | Learned a level 2 spell: Ensorcelled Hibernation
  1245 | D:2      | Gained mutation: You are afflicted with vampirism and can
                  | become a bat while bloodless. [Vampire growth]
  1245 | D:2      | Reached XP level 3. HP: 24/24 MP: 6/6
  1975 | D:3      | Found Kaxiur's Antique Weapon Shop.
  2269 | D:3      | Reached skill level 1 in Fighting
  2337 | D:4      | Noticed Dowan
  2423 | D:3      | Reached XP level 4. HP: 26/33 MP: 7/7
  2501 | D:4      | Learned a level 3 spell: Tukima's Dance
  2629 | D:4      | Noticed a scorpion
  2634 | D:4      | Noticed Duvessa
  2637 | D:4      | Killed a scorpion
  2638 | D:4      | Reached XP level 5. HP: 32/40 MP: 7/9
  2689 | D:4      | Noticed an orc warrior
  2702 | D:5      | Entered Level 5 of the Dungeon
  2933 | D:5      | Learned a level 3 spell: Dazzling Flash
  2962 | D:5      | Mangled by an iguana

Illustrated notes

Levels and vault maps discovered:
D:1:      ebering_trefoil_3fold, layout_basic
D:2:      layout_loops_ring, serial_aquarium, aquarium_bridge_long_separate
          [aquarium_subvault_bridge, aquarium_subvault_bridge,
          aquarium_subvault_balcony, aquarium_subvault_bridge,
          aquarium_subvault_balcony, aquarium_subvault_bridge],
          aquarium_window_2, aquarium_window_fake, aquarium_window_3,
          aquarium_view_2c, aquarium_view_2c, aquarium_pool_2
D:3:      layout_loops_ring, serial_shops, nicolae_lakefront_shop,
          serial_aquarium, aquarium_bridge_square [aquarium_subvault_wall,
          aquarium_subvault_bridge, aquarium_subvault_bridge,
          aquarium_subvault_wall], aquarium_window_1, aquarium_window_1,
          aquarium_view_2a, aquarium_view_2c, aquarium_balcony_1a,
          aquarium_pool_five, corexii_corridor_pit
D:4:      layout_rooms, hangedman_abyss_or_decor_passed,
          kennysheep_another_room, st_stairs_11, eino_tiny_chamber,
          grunt_ministairs_9, uniq_blork_the_orc, uniq_duvessa
D:5:      layout_gridville, minmay_temple_entry_statues

Skill      XL: |  1  2  3  4 |
---------------+-------------+-----
Maces & Flails | 1 2 |  2.4
Fighting       | 2 |  2.8
Spellcasting   | 3 |  3.8
Short Blades   | |  1.1
Dodging        | |  2.1
Stealth        | |  4.4
Hexes          | |  4.4

Action                   |  1- 3 |  4- 6 || total
-------------------------+-------+-------++-------
Melee: Whip              |    75 |    29 ||   104
       Dagger            |     1 |     3 ||     4
       Bite              |     5 |     6 ||    11
 Cast: Ensorcelled Hiber |       |    11 ||    11
       Tukima's Dance    |       |     1 ||     1
 Abil: Exsanguinate      |       |     1 ||     1
  Use: Potion            |       |     1 ||     1
 Stab: Sleeping          |    13 |     2 ||    15
       Distracted        |       |     1 ||     1
Armor: Robe              |     8 |     5 ||    13
Dodge: Dodged            |    47 |    29 ||    76

Table legend: (Time is in decaauts)
 A = Elapsed time spent in this place.
 B = Non-inter-level travel time spent in this place.
 C = Inter-level travel time spent in this place.
 D = Time resting spent in this place.
 E = Time spent auto-exploring this place.
 F = Levels seen in this place.
 G = Mean time per level.
                   A        B        C        D        E       F      G
               +--------+--------+--------+--------+--------+-----+--------+
         Total |   2960 |   2744 |    216 |    232 |   2091 |   5 |  592.0 |
       Dungeon |   2960 |   2744 |    216 |    232 |   2091 |   5 |  592.0 |
               +--------+--------+--------+--------+--------+-----+--------+

Top non-repeatable levels by time:
     D:3: 1022 daAuts
     D:1: 773 daAuts
     D:2: 689 daAuts
     D:5: 258 daAuts
     D:4: 216 daAuts
